 Dungeon Crawl Stone Soup version 0.22-a0-388-g09e6169 (webtiles) character file.

23 Kairos the Shield-Bearer (level 3, 19/19 HPs)
             Began as a Vine Stalker Fighter on Apr 29, 2018.
             Quit the game on level 1 of the Dungeon.
             The game lasted 00:00:36 (461 turns).

Kairos the Shield-Bearer (Vine Stalker Fighter)      Turns: 461, Time: 00:00:38

Health: 19/19      AC:  6    Str: 19    XL:     3   Next: 0%
Magic:  4/4        EV:  7    Int:  8    God:
Gold:   39         SH:  9    Dex: 13    Spells: 2/2 levels left

rFire    . . .     SeeInvis .   a - +0 war axe
rCold    . . .     Gourm    .   c - +0 shield
rNeg     . . .     Faith    .   b - +0 scale mail
rPois    .         Spirit   +   (no helmet)
rElec    .         Reflect  .   (no cloak)
rCorr    .         Harm     .   (no gloves)
MR       .....                  (no boots)
Stlth    ..........             (no amulet)
HPRegen  0.06/turn              (no ring)
MPRegen  0.09/turn              (no ring)

@: flying
A: fangs 2, magic shield, antimagic bite, no potion heal 3, rot immunity
a: no special abilities


You were on level 1 of the Dungeon.
You were not hungry.

You visited 1 branch of the dungeon, and saw 1 of its levels.

You collected 39 gold pieces.

Inventory:

Hand Weapons
 a - a +0 war axe (weapon)
Armour
 b - a +0 scale mail (worn)
 c - a +0 shield (worn)
Scrolls
 g - 2 scrolls of remove curse
Potions
 d - 2 potions of might
Comestibles
 f - a ration


   Skills:
 + Level 2.8 Fighting
 + Level 1.9 Axes
 + Level 2.6 Armour
 + Level 0.2 Dodging
 + Level 3.1 Shields


You had 2 spell levels left.
You didn't know any spells.

Dungeon Overview and Level Annotations

Branches:
Dungeon (1/15)

Altars:


Innate Abilities, Weirdness & Mutations

You have extremely sharp teeth.
When hurt, damage is shared between your health and your magic reserves.
Your bite disrupts and absorbs the magic of your enemies.
Potions cannot restore your health.
You are immune to rotting.


Message History

Increase (S)trength, (I)ntelligence, or (D)exterity?
You feel stronger.
Things that are here:
a club; a hobgoblin corpse Done exploring.
Done exploring.
No target in view!
No target in view!
No target in view!
Done exploring.
Done exploring.
It was a potion of flight.
You feel very buoyant.
You fly up into the air.
As you read the scroll labeled DUOMEME HUDDALI, it crumbles to dust.
You assume a fearsome visage.
Nothing appears to happen.
It was a scroll of fear.
As you read the scroll labeled DOGRASCHOTEMM, it crumbles to dust.
You feel blessed for a moment.
It was a scroll of remove curse.
Are you sure you want to abandon this character and quit the game? (Confirm with "yes".)

###### #....# #....# #....#
#....#######################
#..........@................
##.##################.....#.
###.# #.....#. #...# #.....#.
#.#.# #######.
#.#.########################.
#.#>.........................
#........####################
########.# #...#


There were no monsters in sight!

Vanquished Creatures
  An ooze (D:1)
  A giant cockroach (D:1)
  5 goblins (D:1)
  5 hobgoblins (D:1)
  A ball python (D:1)
  A bat (D:1)
  A frilled lizard (D:1)
  A kobold (D:1)
  3 rats (D:1)
19 creatures vanquished.

Notes
Turn   | Place    | Note
-------+----------+-------------------------------------------
     0 | D:1      | Kairos the Vine Stalker Fighter began the quest for the Orb.
     0 | D:1      | Reached XP level 1. HP: 11/11 MP: 2/2
   166 | D:1      | Reached XP level 2. HP: 16/16 MP: 3/3
   230 | D:1      | Reached skill level 3 in Shields
   456 | D:1      | Reached XP level 3. HP: 19/19 MP: 4/4
   461 | D:1      | Quit the game

Vault maps used:
D:1:      dpeg_arrival_radiant

Skill      XL: |  1  2 |
---------------+-------+-----
Shields        | 3 |  3.1
Fighting       | |  2.8
Axes           | |  1.9
Armour         | |  2.6
Dodging        | |  0.2

Action                   || total
-------------------------++-------
Melee: War axe           ||    41
       Bite              ||     9
  Use: Scroll            ||     2
       Potion            ||     1
Armor: Scale mail        ||    16
Dodge: Dodged            ||     9
Block: Shield            ||    23

Table legend:
 A = Spawn XP
 B = Non-spawn XP
 C = Spawn XP percentage of total XP
 D = Spawn monster count
 E = Non-spawn monster count
 F = Spawn count percentage of total count
 G = Total turns spent on level
                    A         B        C        D         E        F      G
               +---------+---------+-------+---------+---------+-------+---------
         Total |       0 |      34 |   0.0 |       0 |      19 |   0.0 |   461
               +---------+---------+-------+---------+---------+-------+---------
           D:1 |       0 |      34 |   0.0 |       0 |      19 |   0.0 |   461
               +---------+---------+-------+---------+---------+-------+---------
